 Dungeon Crawl Stone Soup version 0.29-a0-901-g46a8461d6a (webtiles) character file.

Game seed: 3855094164441468371

54 inmateoo the Covered (level 3, -15/33 HPs)
             Began as a Minotaur Fighter on July 24, 2022.
             Demolished by an ogre
             ... wielding a +0 giant club
              (23 damage)
             ... on level 3 of the Dungeon.
             The game lasted 00:01:06 (1561 turns).

inmateoo the Covered (Minotaur Fighter)             Turns: 1561, Time: 00:01:06

Health: -15/33     AC:  8    Str: 20    XL:     3   Next: 66%
Magic:  0/2        EV:  9    Int:  5    God:
Gold:   83         SH:  4    Dex: 11    Spells: 2/2 levels left

rFire   . . .      SeeInvis .   a - +0 war axe
rCold   . . .      Faith    .   c - +0 buckler
rNeg    . . .      Spirit   +   b - +0 scale mail
rPois   +          Reflect  .   (helmet restricted)
rElec   .          Harm     .   (no cloak)
rCorr   .          Rampage  .   (no gloves)
Will    .....                   f - +0 pair of boots
Stlth   ..........              l - amulet of guardian spirit
HPRegen 0.11/turn               m - ring of poison resistance
MPRegen 0.08/turn               (no ring)

@: mighty
A: horns 2, retaliatory headbutt
a: no special abilities


You were on level 3 of the Dungeon.
You visited 1 branch of the dungeon, and saw 3 of its levels.

You collected 83 gold pieces.

Inventory:

Hand Weapons
 a - a +0 war axe (weapon)
Armour
 b - a +0 scale mail (worn)
 c - a +0 buckler (worn)
 f - a +0 pair of boots (worn)
Jewellery
 l - an amulet of guardian spirit (around neck)
 m - a ring of poison resistance (left hand)
Scrolls
 e - a scroll of butterflies {unknown}
 g - a scroll of fear {unknown}
 j - a scroll of torment {unknown}
 n - 2 scrolls of identify {unknown}
 q - a scroll of summoning {unknown}
Potions
 h - a potion of flight {unknown}
 i - 3 potions of curing {unknown}
 k - 3 potions of berserk rage {unknown}
 o - a potion of resistance {unknown}
 p - a potion of lignification {unknown}
 r - a potion of haste {unknown}
 s - a potion of brilliance {unknown}
 t - a potion of cancellation {unknown}


   Skills:
 + Level 4.0 Fighting
 * Level 3.5 Axes
 + Level 4.1 Armour
 + Level 1.2 Dodging
 + Level 4.0 Shields


You had 2 spell levels left.
You didn't know any spells.
Your spell library was empty.

Dungeon Overview and Level Annotations

Branches:
Dungeon (3/15)

Altars:
Uskayaw

Shops:
D:1 =   D:2 [


Innate Abilities, Weirdness & Mutations

You have a pair of horns on your head.
You reflexively headbutt those who attack you in melee.


Message History

A rat comes into view.
The rat bites you but does no damage.
A rat is nearby!
A rat is nearby!
You hit the rat. Your headbutt misses the rat.
The rat is moderately wounded.
The rat bites you but does no damage.
A rat is nearby!
You hit the rat.
You kill the rat!
Key pressed, stopping explore.
No target in view!
Key pressed, stopping explore.
No target in view!
No target in view!
You open the door.
Found 4 stones.
Key pressed, stopping explore.
No target in view!
No target in view!
There is an open door here.
An ogre comes into view. It is wielding a +0 giant club.
An ogre is nearby!
An ogre is nearby!
Okay, then.
There is an open door here.
You feel very mighty all of a sudden.
You slash the ogre!
The ogre is heavily wounded.
The ogre barely misses you.
You slash the ogre!
The ogre is almost dead.
The ogre hits you with a +0 giant club!!
Ouch! That really hurt!
* * * LOW HITPOINT WARNING * * *
You barely miss the ogre.
The ogre is almost dead.
The ogre hits you with a +0 giant club!!
Ouch! That really hurt!
You die...

#........# ♣..
#........##♣.≈
#..........♣.≈
###########...♣.≈
########......# #...♣.≈
#.....##......# ##...♣.≈
#.....##......# #..†.♣.≈
#...(.##......###.###♣.≈
#.....O@.............♣..
#.....##...........#..♣♣
#.....#######......+....
#.....# #......###..
##.....## #......# #..
#.......# ######## #..
#.......# ##.. #.......#
#... #.......# #...


You could see an ogre.

Vanquished Creatures
  2 adders (D:2)
  A worm (D:2)
  2 dart slugs (D:1)
  2 bats (D:1)
  2 endoplasms (D:1)
  3 goblins (D:1)
  4 hobgoblins
  3 quokkas (D:1)
  2 ball pythons
  A frilled lizard (D:1)
  2 kobolds (D:1)
  4 rats
28 creatures vanquished.

Notes
Turn   | Place    | Note
-------+----------+-------------------------------------------
     0 | D:1      | inmateoo the Minotaur Fighter began the quest for the Orb.
     0 | D:1      | Reached XP level 1. HP: 19/19 MP: 0/0
     5 | D:1      | Found Kemuc's Jewellery Emporium.
   127 | D:1      | Reached XP level 2. HP: 27/27 MP: 1/1
   442 | D:1      | Found a faded altar of an unknown god.
   466 | D:1      | Reached skill level 1 in Dodging
   814 | D:1      | Reached XP level 3. HP: 31/33 MP: 2/2
  1127 | D:2      | Found Noacyilu's Armour Emporium.
  1498 | D:3      | Found a hide-covered altar of Uskayaw.
  1549 | D:3      | Noticed an ogre
  1561 | D:3      | Demolished by an ogre

Illustrated notes

Levels and vault maps discovered:
D:1:      minmay_arrival_floating_metal, layout_basic, serial_shops,
          nicolae_shop_trees, basic_ecumenical_altar
D:2:      layout_loops_ring, serial_shops, nicolae_diamond_shop
D:3:      layout_basic, mainiacjoe_overflow_paths, lemuel_another_geyser,
          uniq_ijyb

Skill      XL: |  1  2  3 |
---------------+----------+-----
Axes           | 3 |  3.5
Dodging        | 1 |  1.2
Armour         | 4 |  4.1
Shields        | 4 |  4.0
Fighting       | 4 |  4.0

Action                   || total
-------------------------++-------
Melee: War axe           ||    59
       Headbutt          ||     9
  Use: Potion            ||     1
Armor: Scale mail        ||    22
Dodge: Dodged            ||    26
Block: Buckler           ||    12

Table legend: (Time is in decaauts)
 A = Elapsed time spent in this place.
 B = Non-inter-level travel time spent in this place.
 C = Inter-level travel time spent in this place.
 D = Time resting spent in this place.
 E = Time spent auto-exploring this place.
 F = Levels seen in this place.
 G = Mean time per level.
                   A        B        C        D        E       F      G
               +--------+--------+--------+--------+--------+-----+--------+
         Total |   1601 |   1565 |     36 |      0 |   1349 |   3 |  533.7 |
       Dungeon |   1601 |   1565 |     36 |      0 |   1349 |   3 |  533.7 |
               +--------+--------+--------+--------+--------+-----+--------+

Top non-repeatable levels by time:
     D:1: 966 daAuts
     D:2: 553 daAuts
     D:3: 82 daAuts
